 Dungeon Crawl Stone Soup version 0.26-a0-935-g3624241d3c (webtiles) character file.

Game seed: 11566923492998388396

42 ohmi the Vexing (level 3, -6/23 HPs)
             Began as a Kobold Arcane Marksman on Nov 26, 2020.
             Mangled by Sigmund
             ... wielding a +0 scythe
              (11 damage)
             ... on level 2 of the Dungeon.
             The game lasted 00:06:10 (725 turns).

ohmi the Vexing (Kobold Arcane Marksman)             Turns: 725, Time: 00:06:10

Health: -6/23      AC:  3    Str:  7    XL:     3   Next: 77%
Magic:  5/5        EV: 15    Int: 13    God:
Gold:   37         SH:  0    Dex: 15    Spells: 4/5 levels left

rFire    . . .     SeeInvis .   a - +0 hand crossbow
rCold    . . .     Faith    .   (shield restricted)
rNeg     . . .     Spirit   .   l - +0 leather armour
rPois    .         Reflect  .   (no helmet)
rElec    .         Harm     .   (no cloak)
rCorr    .         Rampage  .   (no gloves)
MR       .....                  (no boots)
Stlth    ++........             (no amulet)
HPRegen  0.07/turn              (no ring)
MPRegen  0.09/turn              (no ring)

@: confused
A: small, dopey 1, nightstalker 3, robust 1, wild magic 1
a: no special abilities


You were on level 2 of the Dungeon.
You visited 1 branch of the dungeon, and saw 2 of its levels.

You collected 37 gold pieces.

Inventory:

Hand Weapons
 a - a +0 hand crossbow (weapon)
 c - a +0 spear
 j - a +0 whip
Missiles
 d - 31 bolts (quivered)
 n - 3 javelins
Armour
 e - a +0 robe
 l - a +0 leather armour (worn)
Scrolls
 i - a scroll of fear {unknown}
 k - a scroll of identify {unknown}
 m - a scroll of enchant weapon {unknown}
 o - a scroll of enchant armour {unknown}


   Skills:
 - Level 1.7 Fighting
 + Level 3.0 Crossbows
 - Level 2.9 Dodging
 * Level 1.5 Spellcasting
 - Level 3.4 Hexes


You had 4 spell levels left.
You knew the following spells:

 Your Spells              Type           Power        Failure   Level
a - Corona                Hex            ##.....      14%         1

Your spell library contained the following spells:

 Spells                   Type           Power        Failure   Level
 Slow                     Hex            ##......     21%         2
 Inner Flame              Hex/Fire       #.......     61%         3
 Portal Projectile        Hex/Tloc       #.....       61%         3
 Cause Fear               Hex            ##........   75%         4
 Leda's Liquefaction      Hex/Erth       #.........   93%         4


Dungeon Overview and Level Annotations

Branches:
Dungeon (2/15)

Altars:

Annotations:
D:2 Sigmund


Innate Abilities, Weirdness & Mutations

You are small and have problems with some larger weapons.
You are completely attuned to the shadows.
You are dopey. (Int -2)
You are robust. (+10% HP)
Your spells are a little harder to cast, but a little more powerful.


Message History

Press: ? - help, Q - select action, (/) - cycle Dir - look around You are confused cannot control your aim.
You shoot a bolt.
Sigmund points at you and mumbles some strange words.
The magic dart hits you.
Sigmund hits you from afar with a +0 scythe!
Non-targeted confused fire: 32 bolts
Press: ? - help, Q - select action, (/) - cycle Dir - look around You are confused cannot control your aim.
You shoot a bolt.
You feel less invigorated.
Sigmund hits you from afar with a +0 scythe!
* * * LOW HITPOINT WARNING * * *
You're too confused to move!
You bump into the rock wall.
Sigmund casts a spell.
Sigmund flickers and vanishes!
Deactivating autopickup; reactivate with Ctrl-A.
Something hits you!
You die...

.... ....
.>........
#....#..........
#..............
....†.....KS(
###..†....##{# +#.
.....#....##@# <.#
####.#....##(#
..######.#.....#.#
...............#.#
..##.....###.....#
..##...........(.#
.###.......#.....#
.#.........#.....#
.#.# #.....#


You could see an adder and a kobold.

Vanquished Creatures
  An ooze (D:1)
  2 dart slugs (D:1)
  3 giant cockroaches
  6 goblins
  2 hobgoblins (D:1)
  4 jackals (D:1)
  3 bats (D:1)
  2 frilled lizards (D:1)
  A kobold (D:1)
  7 rats
31 creatures vanquished.

Notes
Turn   | Place    | Note
-------+----------+-------------------------------------------
     0 | D:1      | ohmi the Kobold Arcane Marksman began the quest for the
                  | Orb.
     0 | D:1      | Reached XP level 1. HP: 12/12 MP: 2/2
    32 | D:1      | Reached XP level 2. HP: 11/17 MP: 3/3
   150 | D:1      | Reached XP level 3. HP: 21/21 MP: 4/4
   708 | D:2      | Noticed Sigmund
   719 | D:2      | Gained mutation: You are dopey. (Int -2) [potion of
                  | mutation]
   719 | D:2      | Gained mutation: You are robust. (+10% HP) [potion of
                  | mutation]
   719 | D:2      | Gained mutation: Your spells are a little harder to cast,
                  | but a little more powerful. [potion of mutation]
   725 | D:2      | Mangled by Sigmund

Illustrated notes

Levels and vault maps discovered:
D:1:      minmay_arrival_five_plusses, layout_rooms, minmay_tetromino_s4
D:2:      layout_basic, uniq_natasha, uniq_sigmund, uniq_crazy_yiuf_cottage

Skill      XL: |  1  2  3 |
---------------+----------+-----
Crossbows      | 3 |  3.0
Fighting       | |  1.7
Dodging        | |  2.9
Spellcasting   | |  1.5
Hexes          | |  3.4

Action                   || total
-------------------------++-------
Melee: Whip              ||     6
 Fire: Hand crossbow     ||    65
  Use: Potion            ||     4
Armor: Robe              ||     5
Dodge: Dodged            ||    31

Table legend: (Time is in decaauts)
 A = Elapsed time spent in this place.
 B = Non-inter-level travel time spent in this place.
 C = Inter-level travel time spent in this place.
 D = Time resting spent in this place.
 E = Time spent auto-exploring this place.
 F = Levels seen in this place.
 G = Mean time per level.
                   A        B        C        D        E       F      G
               +--------+--------+--------+--------+--------+-----+--------+
         Total |    748 |    748 |      0 |     38 |    402 |   2 |  374.0 |
       Dungeon |    748 |    748 |      0 |     38 |    402 |   2 |  374.0 |
               +--------+--------+--------+--------+--------+-----+--------+

Top non-repeatable levels by time:
     D:1: 687 daAuts
     D:2: 61 daAuts
